 Dungeon Crawl Stone Soup version 0.20-a0-1089-g3fde505 (webtiles) character file.

189864 theAP the Slayer (level 18, -4/132 HPs)
             Began as a Gargoyle Fighter on May 2, 2017.
             Was the Champion of Okawaru.
             Killed by divine providence
             ... invoked by a deep elf high priest
              (15 damage)
             ... on level 3 of the Elven Halls.
             The game lasted 01:24:27 (25301 turns).

theAP the Slayer (Gargoyle Fighter)                Turns: 25301, Time: 01:24:28

Health: -4/132     AC: 33    Str: 31    XL:     18   Next: 59%
Magic:  4/6        EV: 11    Int: 14    God:    Okawaru [******]
Gold:   1080       SH: 29    Dex: 11    Spells: 17/17 levels left

rFire    . . .     SeeInvis +   K - +5 demon whip (antimagic)
rCold    + . .     Gourm    .   w - +6 large shield
rNeg     + + +     Faith    +   J - +0 chain mail of Mutualism {rF- rN+++ Regen+ rCorr}
rPois    ∞         Spirit   .   j - +1 hat of Viuklywe {Regen+ Str-5 Int+4 Slay+4}
rElec    +         Reflect  .   n - +0 cloak of Hangman {Str+2}
rCorr    +         Harm     .   T - +0 pair of gloves of the Teacher {*Corrode rC+ MR+++ SInv}
MR       +++++                  Q - +3 pair of boots "Ekeokar" {*Contam rPois MR++ Dex+2}
Stlth    ..........             M - amulet of faith
Regen    1.2/turn               A - +5 ring of strength
MPRegen  0.1/turn               u - +3 ring of slaying

@: about to teleport, heroism, corroded, flying
A: big wings, horns 1, fire resistance 1, negative energy resistance 1,
electricity resistance, strong 1, unbreathing, petrification resistance, rot
immunity, MP-powered wands, sturdy frame 1, AC +13
a: Stop Flying, Heroism, Finesse, Renounce Religion


You were on level 3 of the Elven Halls.
You worshipped Okawaru.
Okawaru was exalted by your worship.
You were not hungry.

You visited 5 branches of the dungeon, and saw 27 of its levels.
You also visited: Sewer, Bailey, Ice Cave and Volcano.

You collected 3028 gold pieces.
You spent 1948 gold pieces at shops.

Inventory:

Hand Weapons
 K - a +5 antimagic demon whip (weapon)
Armour
 j - the +1 hat of Viuklywe (worn) {Regen+ Str-5 Int+4 Slay+4}
   (Okawaru gifted it to you on level 11 of the Dungeon)

   It affects your strength (-5).
   It affects your intelligence (+4).
   It affects your accuracy and damage with ranged weapons and melee attacks
   (+4).
   It increases your rate of regeneration.
 n - the +0 cloak of Hangman (worn) {Str+2}
   (Okawaru gifted it to you on level 15 of the Dungeon)

   It affects your strength (+2).
 w - a +6 large shield (worn)
 G - a +0 pair of boots of flying
 J - the +0 chain mail of Mutualism (worn) {rF- rN+++ Regen+ rCorr}
   (You found it on level 8 of the Dungeon)

   It makes you vulnerable to fire.
   It renders you almost immune to negative energy.
   It increases your rate of regeneration.
   It protects you from acid and corrosion.
 Q - the +3 pair of boots "Ekeokar" (worn) {*Contam rPois MR++ Dex+2}
   (Okawaru gifted it to you on level 10 of the Dungeon)

   It affects your dexterity (+2).
   It protects you from poison.
   It affects your resistance to hostile enchantments.
   It causes magical contamination when unequipped.
 T - the +0 pair of gloves of the Teacher (worn) {*Corrode rC+ MR+++ SInv}
   (Okawaru gifted it to you on level 12 of the Dungeon)

   It protects you from cold.
   It affects your resistance to hostile enchantments.
   It lets you see invisible.
   It may corrode you when you take damage.
Jewellery
 b - an uncursed ring of protection from cold
 k - the amulet of Qoyj {rF- MR+ Regen+ Str+3, unknown}
   (You took it off a deep elf high priest on level 3 of the Elven Halls)

   [amulet of regeneration]

   It affects your strength (+3).
   It makes you vulnerable to fire.
   It affects your resistance to hostile enchantments.
   It increases your rate of regeneration.
 t - a +1 ring of evasion
 u - a +3 ring of slaying (right hand)
 v - an uncursed ring of see invisible
 A - a +5 ring of strength (left hand)
 M - an amulet of faith (around neck)
 S - an uncursed ring of fire
Wands
 a - a wand of lightning (7/15)
 c - a wand of confusion (25/48)
 l - a wand of lightning (11/15)
 q - a wand of acid (5/15)
 H - a wand of paralysis (5/24)
 P - a wand of polymorph (8/24)
 W - a wand of digging (4/24)
Scrolls
 i - 6 scrolls of teleportation
 m - 10 scrolls of remove curse
 o - 8 scrolls of identify
 r - 2 scrolls of amnesia
 x - 6 scrolls of fog
 z - 4 scrolls of blinking
 C - 2 scrolls of recharging
 E - 2 scrolls of fear
 X - 3 scrolls of holy word
Potions
 d - 2 potions of might
 e - a potion of haste
 p - 4 potions of cancellation
 s - 2 potions of curing
 B - 4 potions of resistance
 F - 2 potions of agility
 N - 7 potions of berserk rage
 R - 2 potions of brilliance
 U - 7 potions of magic
Books
 D - a book of Enchantments

   Spells                             Type                      Level
   a - Cause Fear                     Hexes                        4
   b - Yara's Violent Unravelling     Hexes/Transmutation          5
   c - Silence                        Hexes/Air                    5
   d - Deflect Missiles               Charms/Air                   6
   e - Discord                        Hexes                        8
 O - the Volume of the Escort
   (You found it on level 1 of the Elven Halls)

   Spells                             Type                      Level
   a - Summon Hydra                   Summoning                    7
   b - Dragon's Call                  Summoning                    9
Miscellaneous
 Y - a lamp of fire
Comestibles
 f - 18 bread rations
 g - 8 royal jellies
 h - 10 meat rations


   Skills:
 * Level 21.4(26.4) Fighting
 - Level 18.3(23.3) Maces & Flails
 + Level 13.3(18.3) Armour
 + Level 13.3(18.3) Shields


You had 17 spell levels left.
You didn't know any spells.

Dungeon Overview and Level Annotations

Branches:
Dungeon (15/15)            Temple (1/1) D:7            Lair (6/6) D:10
  Swamp (0/4) Lair:3        Snake (0/4) Lair:2        Slime (0/5) Lair:6
    Orc (2/2) D:9             Elf (3/3) Orc:2        Vaults (0/5) D:13
 Depths (0/5) D:15

Altars:
Ashenzari
Cheibriados
Dithmenos
Elyvilon
Fedhas
Gozag
Hepliaklqana
Kikubaaqudgha
Makhleb
Nemelex Xobeh
Okawaru
Qazlal
Ru
Sif Muna
Trog
Uskayaw
Vehumet
Wu Jian
Xom
Yredelemnul
Zin
The Shining One
Beogh
Jiyva

Shops:
D:5 :*(%   D:8 *[!*   D:13 :   Orc:2 [(*:?   Elf:1 (:**[(   Elf:2 }=}


Innate Abilities, Weirdness & Mutations

You are resistant to torment.
Your stone body is resilient. (AC +13)
You are immune to poison.
Your large and strong wings let you fly indefinitely.
You resist negative energy. (rN+)
You are resistant to electric shocks. (rElec)
You can survive without breathing.
You are immune to petrification.
You are immune to rotting.
You have a pair of small horns on your head.
Your flesh is heat resistant. (rF+)
Your muscles are strong. (Str +2)
You expend magic power (3 MP) to strengthen your wands.
Your movements are slightly less encumbered by armour. (ER -2)


Message History

You closely miss the deep elf sorcerer. You headbutt the deep elf sorcerer.
The deep elf sorcerer is almost dead.
You thrash the deep elf sorcerer!!
You kill the deep elf sorcerer!
Okawaru accepts your kill.
The deep elf high priest invokes the aid of its god against you.
The sphere of damnation explodes!
The damnation engulfs you!
The deep elf high priest calls down the wrath of its god upon you.
The sphere of damnation explodes!
The damnation engulfs you!
* * * LOW HITPOINT WARNING * * *
You hear a shout!
As you read the scroll of teleportation, it crumbles to dust.
You feel strangely unstable.
The earth elemental disappears in a puff of smoke!
The deep elf high priest invokes the aid of its god against you.
Something smites you!
* * * LOW HITPOINT WARNING * * *
The deep elf high priest invokes the aid of its god against you.
Something smites you!
You die...

#....#...........(
#.....#.(........)
#)..<##)..........
#...()[..........(
#...(######...#.#.
#..))# #..####..
###..).# ##.# ##..
##.....## #.# #.##
#...@...# ### ###
#..#)#..#
####e####
##.eEe.##
###(..e)..###
#...........#
#...........#
#.....).)...#
#...........#


You could see 3 deep elf high priests, an earth elemental and a deep elf mage.

Vanquished Creatures
  Mara (Elf:3)
  Saint Roka (Orc:2)
  Jorgrun (Elf:3)
  4 deep elf blademasters (Elf:3)
  Kirke (D:12)
  Donald (Elf:3)
  Agnes (D:14)
  12 deep elf sorcerers
  6 deep elf elementalists
  2 deep elf demonologists
  Nessos (D:14)
  2 large abominations (Elf:3)
  3 deep elf annihilators (Elf:3)
  3 deep elf death magi (Elf:3)
  4 deep elf high priests (Elf:3)
  Erolcha (Orc:1)
  A great orb of eyes (D:14)
  3 hydras
  4 catoblepae
  3 ice dragons
  4 centaur warriors
  7 two-headed ogres
  27 dancing weapons
  13 death yaks
  2 tengu warriors
  4 orc high priests
  12 deep elf knights
  Nergalle (D:12)
  A skeletal warrior (D:13)
  4 unseen horrors
  2 small abominations (Elf:3)
  5 wizards (Volcano)
  5 deep elf archers
  5 orc knights
  A wolf spider zombie (D:12)
  15 ugly things
  A cyclops (D:14)
  A harpy (D:9)
  46 deep elf magi
  5 oklob plants
  5 orc sorcerers
  3 manticores
  2 ice statues (IceCv)
  A guardian serpent (Lair:2)
  5 toenail golems (Volcano)
  The ghost of Shinoi the Destroyer, a novice DECj of Vehumet (Bailey)
  A black mamba (Lair:3)
  6 elephants (Lair:6)
  A torpor snail (Lair:5)
  2 gargoyles
  A freezing wraith (D:14)
  8 spiny frogs
  3 rime drakes
  7 komodo dragons
  A tengu conjurer (D:15)
  8 trolls
  14 blink frogs (Lair:6)
  7 dream sheep
  A harpy skeleton (D:13)
  6 hippogriffs
  2 water elementals
  2 air elementals
  Sigmund (D:2)
  3 wyverns
  2 vampires
  2 fire elementals (Elf:2)
  5 wraiths
  56 yaks
  3 fire bats (Orc:2)
  3 basilisks
  4 hogs
  A human (D:13)
  9 vampire mosquitoes
  A soldier ant (D:10)
  5 wargs
  3 acid dragons
  12 water moccasins
  11 porcupines
  Duvessa (D:4)
  31 orc warriors
  An eye of draining (D:11)
  23 ice beasts
  4 sky beasts
  2 phantoms
  14 ogres
  43 wolves
  11 centaurs
  10 crocodiles
  3 big kobolds
  A wyvern zombie (D:11)
  20 bullfrogs
  3 elf zombies (D:9)
  Dowan (D:4)
  An earth elemental (Elf:3)
  A wyvern skeleton (D:13)
  6 scorpions
  5 killer bees
  7 wights
  9 howler monkeys
  7 crimson imps
  4 bullfrog zombies
  3 centaur zombies
  6 hounds
  A quasit (D:13)
  19 orc priests
  Crazy Yiuf (D:2)
  2 human zombies (D:9)
  2 bullfrog skeletons
  4 iguanas
  2 human skeletons (D:9)
  4 centaur skeletons
  8 worker ants
  Natasha (thrice) (D:2)
  23 orc wizards
  A killer bee zombie (D:5)
  A hound zombie (D:5)
  A mummy (D:9)
  13 adders
  19 gnolls
  3 river rats
  4 shadow imps
  5 oozes
  An adder zombie (D:6)
  4 worms
  3 dart slugs
  12 leopard geckos
  80 orcs
  9 giant cockroaches
  10 goblins
  17 hobgoblins
  15 jackals
  3 quokkas
  A ball python (D:3)
  A ball python zombie (D:6)
  8 bats
  4 frilled lizards
  25 kobolds
  An orc zombie (D:9)
  A quokka skeleton (D:6)
  2 quokka zombies
  11 rats
  A crawling corpse (Elf:3)
  2 fungi
  2 plants (Lair:4)
970 creatures vanquished.

Vanquished Creatures (others)
  A human (D:12)
  An orc wizard (Orc:2)
  A fungus (Lair:6)
  29 plants
32 creatures vanquished.

Grand Total: 1002 creatures vanquished

Notes
Turn   | Place    | Note
-------+----------+-------------------------------------------
     0 | D:1      | theAP the Gargoyle Fighter began the quest for the Orb.
     0 | D:1      | Reached XP level 1. HP: 14/14 MP: 1/1
   155 | D:1      | Reached XP level 2. HP: 19/19 MP: 2/2
   545 | D:2      | Reached XP level 3. HP: 23/24 MP: 3/3
   597 | D:2      | Noticed Natasha
   608 | D:2      | Killed Natasha
   608 | D:2      | Reached skill level 4 in Fighting
   706 | D:2      | Noticed Natasha
   728 | D:2      | Killed Natasha
   728 | D:2      | Reached XP level 4. HP: 15/29 MP: 4/4
   973 | D:2      | Noticed Sigmund
   997 | D:2      | Killed Sigmund
   997 | D:2      | Reached skill level 5 in Fighting
   997 | D:2      | Reached skill level 5 in Maces & Flails
   997 | D:2      | Reached XP level 5. HP: 25/35 MP: 5/5
   997 | D:2      | Reached XP level 6. HP: 29/40 MP: 6/6
  1077 | D:2      | Noticed Natasha
  1083 | D:2      | Killed Natasha
  1490 | D:2      | Found a runed door.
  1494 | D:2      | Noticed Crazy Yiuf
  1499 | D:2      | Killed Crazy Yiuf
  1792 | D:3      | Found a glowing drain.
  1836 | Sewer    | Entered a sewer
  2044 | Sewer    | Reached XP level 7. HP: 45/45 MP: 7/7
  2114 | Sewer    | Found a white marble altar of Elyvilon.
  2241 | Sewer    | Gained mutation: You are partially covered in slimy green scales. (AC +2) [potion of mutation]
  2241 | Sewer    | Gained mutation: You tend to lose your temper in combat. [potion of mutation]
  2241 | Sewer    | Gained mutation: You have a pair of small horns on your head. [potion of mutation]
  2241 | Sewer    | Gained mutation: Your spells are a little harder to cast, but a little more powerful. [potion of mutation]
  2242 | Sewer    | Lost mutation: You have a pair of small horns on your head. [potion of mutation]
  2242 | Sewer    | Lost mutation: You tend to lose your temper in combat. [potion of mutation]
  2242 | Sewer    | Lost mutation: Your spells are a little harder to cast, but a little more powerful. [potion of mutation]
  2242 | Sewer    | Gained mutation: You are robust. (+10% HP) [potion of mutation]
  2242 | Sewer    | Gained mutation: You have supernaturally acute eyesight. (SInv) [potion of mutation]
  2950 | D:4      | Reached skill level 6 in Fighting
  2977 | D:4      | Noticed Dowan
  2978 | D:4      | Noticed Duvessa
  2993 | D:4      | Killed Duvessa
  2999 | D:4      | Killed Dowan
  3260 | D:4      | Found a shadowy altar of Dithmenos.
  3290 | D:4      | Reached XP level 8. HP: 54/57 MP: 8/8
  3450 | D:5      | Entered Level 5 of the Dungeon
  3480 | D:5      | Found Ilietes's Book Shop.
  3521 | D:5      | Found Lang's Food Boutique.
  3580 | D:5      | Reached skill level 7 in Fighting
  3718 | D:5      | Found Beill's General Store.
  4090 | D:5      | Found Bedgh's Antique Weapon Emporium.
  4540 | D:6      | Lost mutation: You are robust. (+10% HP) [potion of mutation]
  4540 | D:6      | Lost mutation: You have supernaturally acute eyesight. (SInv) [potion of mutation]
  4540 | D:6      | Lost mutation: You are partially covered in slimy green scales. (AC +2) [potion of mutation]
  4540 | D:6      | Gained mutation: Your magical capacity is low. (-10% MP) [potion of mutation]
  4540 | D:6      | Gained mutation: You have large cloven feet. [potion of mutation]
  4567 | D:6      | Reached XP level 9. HP: 59/59 MP: 8/8
  4799 | D:6      | Reached skill level 8 in Fighting
  5329 | D:7      | Found a staircase to the Ecumenical Temple.
  5335 | Temple   | Entered the Ecumenical Temple
  5345 | Temple   | Became a worshipper of Warmaster Okawaru
  5613 | D:7      | Found an ancient bone altar of Kikubaaqudgha.
  5613 | D:7      | Found a shattered altar of Ashenzari.
  5613 | D:7      | Found a shadowy altar of Dithmenos.
  5659 | D:7      | Reached skill level 10 in Maces & Flails
  5675 | D:7      | Found a stormy altar of Qazlal.
  5675 | D:7      | Found a deep blue altar of Sif Muna.
  5675 | D:7      | Found a hide-covered altar of Uskayaw.
  5676 | D:7      | Found a snail-covered altar of Cheibriados.
  5770 | D:7      | Found a sparkling altar of Nemelex Xobeh.
  6197 | D:8      | Found Methuqor's Distillery.
  6267 | D:8      | Found a blossoming altar of Fedhas.
  6334 | D:8      | Found Zoshrea's Assorted Antiques.
  6336 | D:8      | Lost mutation: Your magical capacity is low. (-10% MP) [potion of mutation]
  6336 | D:8      | Lost mutation: You have large cloven feet. [potion of mutation]
  6336 | D:8      | Gained mutation: You possess an exceptional clarity of mind. [potion of mutation]
  6336 | D:8      | Gained mutation: You passively map a small area around you. [potion of mutation]
  6339 | D:8      | Got a brightly glowing chain mail
  6350 | D:8      | Identified the cursed +0 chain mail of Mutualism {rF- rN+++ Regen+ rCorr} (You found it on level 8 of the Dungeon)
  6371 | D:8      | Bought a scroll labeled WAB VAAKHI for 31 gold pieces
  6371 | D:8      | Bought a tiny brass amulet for 155 gold pieces
  6371 | D:8      | Bought a glowing purple potion for 27 gold pieces
  6425 | D:8      | Found Jajalois's Armour Shoppe.
  6481 | D:8      | Found a glowing silver altar of Zin.
  6524 | D:8      | Reached * piety under Okawaru
  6535 | D:8      | Found Vakhliwe's General Store.
  6538 | D:8      | Bought a scroll of identify for 28 gold pieces
  6682 | D:9      | Reached skill level 9 in Fighting
  6716 | D:9      | Reached ** piety under Okawaru
  6819 | D:9      | Reached XP level 10. HP: 66/66 MP: 10/10
  6909 | D:9      | Reached *** piety under Okawaru
  7049 | D:9      | Found an ancient bone altar of Kikubaaqudgha.
  7152 | D:9      | Reached skill level 10 in Fighting
  7283 | D:9      | Found a staircase to the Orcish Mines.
  7343 | D:9      | Reached **** piety under Okawaru
  7377 | D:9      | Noticed a two-headed ogre
  7391 | D:9      | Killed a two-headed ogre
  7480 | D:9      | Found an opulent altar of Gozag.
  7717 | D:9      | Reached ***** piety under Okawaru
  7733 | D:9      | Noticed a two-headed ogre
  7750 | D:9      | Killed a two-headed ogre
  7750 | D:9      | Reached XP level 11. HP: 73/73 MP: 11/11
  7754 | D:9      | Noticed a centaur warrior
  7757 | D:9      | Noticed a harpy
  7785 | D:9      | Killed a centaur warrior
  7785 | D:9      | Reached skill level 11 in Fighting
  7796 | D:9      | Killed a harpy
  7817 | D:9      | Noticed an ice dragon
  7837 | D:9      | Killed an ice dragon
  7904 | D:10     | Entered Level 10 of the Dungeon
  7930 | D:10     | Received a gift from Okawaru
  7933 | D:10     | Got a pair of faintly glowing boots {god gift}
  7944 | D:10     | Identified the +3 pair of boots "Ekeokar" {*Contam rPois MR++ Dex+2} (Okawaru gifted it to you on level 10 of the Dungeon)
  8413 | D:10     | Found a staircase to the Lair.
  8579 | D:10     | Reached ****** piety under Okawaru
  8631 | D:10     | Noticed a two-headed ogre
  8643 | D:10     | Killed a two-headed ogre
  8643 | D:10     | Reached skill level 12 in Fighting
  8766 | D:11     | Noticed a purple ugly thing
  8787 | D:11     | Killed a purple ugly thing
  8795 | D:11     | Noticed a two-headed ogre
  8825 | D:11     | Killed a two-headed ogre
  8825 | D:11     | Received a gift from Okawaru
  8825 | D:11     | Reached skill level 15 in Maces & Flails
  8825 | D:11     | Reached XP level 12. HP: 81/81 MP: 0/12
  8836 | D:11     | Got a jewelled hat {god gift}
  8847 | D:11     | Identified the +1 hat of Viuklywe {Regen+ Str-5 Int+4 Slay+4} (Okawaru gifted it to you on level 11 of the Dungeon)
  9011 | D:11     | Noticed a two-headed ogre
  9035 | D:11     | Killed a two-headed ogre
  9102 | D:11     | Gained mutation: Your flesh is cold resistant. (rC+) [mutagenic meat]
  9103 | D:11     | Lost mutation: You possess an exceptional clarity of mind. [mutagenic meat]
  9104 | D:11     | Gained mutation: You tend to lose your temper in combat. [mutagenic meat]
  9105 | D:11     | Gained mutation: Your movements are slightly less encumbered by armour. (ER -2) [mutagenic meat]
  9387 | D:11     | You fall through a shaft for 3 floors!
  9387 | D:14     | Noticed a centaur warrior
  9404 | D:14     | Killed a centaur warrior
  9408 | D:14     | Gained mutation: You can translocate small distances at will. [mutagenic meat]
  9409 | D:14     | Lost mutation: You tend to lose your temper in combat. [mutagenic meat]
  9410 | D:14     | Gained mutation: You expend magic power (3 MP) to strengthen your wands. [mutagenic meat]
  9666 | D:12     | Noticed a tengu warrior
  9676 | D:12     | Killed a tengu warrior
  9844 | D:12     | Noticed Nergalle
  9868 | D:12     | Killed Nergalle
  9875 | D:12     | Found a shattered altar of Ashenzari.
  9906 | D:12     | Noticed Kirke
  9945 | D:12     | Killed Kirke
  9945 | D:12     | Received a gift from Okawaru
  9945 | D:12     | Reached skill level 13 in Fighting
  9980 | D:12     | Got a pair of smoking gloves {god gift}
  9991 | D:12     | Identified the +0 pair of gloves of the Teacher {*Corrode rC+ MR+++ SInv} (Okawaru gifted it to you on level 12 of the Dungeon)
 10126 | D:12     | Identified a scroll of acquirement
 10181 | D:12     | Reached XP level 13. HP: 88/88 MP: 13/13
 10221 | D:12     | Gained mutation: You are resistant to hostile enchantments. (MR+) [mutagenic meat]
 10668 | D:13     | Identified the Reference Book on Creative Clay
 10858 | D:13     | Found a gate to the Vaults.
 10982 | D:13     | Found Seapneyr's Book Boutique.
 11096 | D:13     | Received a gift from Okawaru
 11114 | D:13     | Reached skill level 14 in Fighting
 11286 | D:13     | Gained mutation: Your muscles are strong. (Str +2) [mutagenic meat]
 11287 | D:13     | Lost mutation: You expend magic power (3 MP) to strengthen your wands. [mutagenic meat]
 11288 | D:13     | Gained mutation: Your flesh is heat resistant. (rF+) [mutagenic meat]
 11461 | D:13     | Received a gift from Okawaru
 11462 | D:13     | Got a fine scarf {god gift}
 11473 | D:13     | Identified the scarf of Moaq {Str-4 Dex+5} (Okawaru gifted it to you on level 13 of the Dungeon)
 11934 | D:14     | Noticed Nessos
 11970 | D:14     | Killed Nessos
 12099 | D:14     | Gained mutation: Your large and strong wings let you fly indefinitely. [Gargoyle growth]
 12099 | D:14     | Reached XP level 14. HP: 82/96 MP: 14/14
 12121 | D:14     | Noticed Agnes
 12162 | D:14     | Killed Agnes
 12172 | D:14     | Received a gift from Okawaru
 12228 | D:14     | Reached skill level 15 in Fighting
 12278 | D:14     | Gained mutation: You possess an exceptional clarity of mind. [mutagenic meat]
 12285 | D:14     | Gained mutation: You are partially covered in slimy green scales. (AC +2) [mutagenic meat]
 12286 | D:14     | Lost mutation: Your movements are slightly less encumbered by armour. (ER -2) [mutagenic meat]
 12288 | D:14     | Gained mutation: You are occasionally teleported next to monsters. [mutagenic meat]
 12740 | D:15     | Entered Level 15 of the Dungeon
 12756 | D:15     | Received a gift from Okawaru
 12756 | D:15     | Reached skill level 5 in Armour
 12790 | D:15     | Reached skill level 5 in Shields
 12792 | D:15     | Got a fine cloak {god gift}
 12803 | D:15     | Identified the +0 cloak of Hangman {Str+2} (Okawaru gifted it to you on level 15 of the Dungeon)
 12816 | D:15     | Found a staircase to the Depths.
 12816 | D:15     | Noticed a fire giant
 12995 | Lair:1   | Entered Level 1 of the Lair of Beasts
 14299 | Lair:2   | Found a staircase to the Snake Pit.
 14307 | Lair:2   | Reached skill level 16 in Fighting
 14714 | Lair:3   | Found a staircase to the Swamp.
 14929 | Lair:3   | Received a gift from Okawaru
 15667 | Lair:4   | Found a frozen archway.
 15729 | IceCv    | Entered an ice cave
 15782 | IceCv    | Received a gift from Okawaru
 15840 | IceCv    | Reached XP level 15. HP: 104/105 MP: 15/15
 17356 | Lair:5   | Reached skill level 17 in Fighting
 17796 | Lair:6   | Entered Level 6 of the Lair of Beasts
 17810 | Lair:6   | Received a gift from Okawaru
 17823 | Lair:6   | Got a warped great mace {god gift}
 17824 | Lair:6   | Identified the +5 great mace of the Middle {chaos, +Fly rN+ Int+5} (Okawaru gifted it to you on level 6 of the Lair of Beasts)
 17834 | Lair:6   | Found a runed door.
 17837 | Lair:6   | Found a viscous altar of Jiyva.
 17843 | Lair:6   | Found a staircase to the Slime Pits.
 18653 | Lair:6   | Received a gift from Okawaru
 19142 | Orc:1    | Entered Level 1 of the Orcish Mines
 19142 | Orc:1    | Noticed Erolcha
 19148 | Orc:1    | Killed Erolcha
 19157 | Orc:2    | Entered Level 2 of the Orcish Mines
 19157 | Orc:2    | Found Qugaxzyss's Magic Scroll Shop.
 19235 | Orc:2    | Found a dark tunnel.
 19249 | Volcano  | Entered a volcano
 19277 | Volcano  | Received a gift from Okawaru
 19311 | Volcano  | Reached XP level 16. HP: 113/114 MP: 5/16
 19325 | Volcano  | Reached skill level 18 in Fighting
 19414 | Volcano  | Got a slimy helmet
 19425 | Volcano  | Identified the +0 helmet "Ciuhuh" {rElec} (You found it in a volcano)
 19707 | Orc:1    | Found a flagged portal.
 19728 | Bailey   | Entered a bailey
 19754 | Bailey   | Noticed Shinoi's ghost (novice DECj)
 19757 | Bailey   | Killed Shinoi's ghost
 19811 | Bailey   | Gained mutation: Your spells are a little harder to cast, but a little more powerful. [potion of mutation]
 19811 | Bailey   | Lost mutation: Your spells are a little harder to cast, but a little more powerful. [potion of mutation]
 19811 | Bailey   | Gained mutation: You have a pair of small horns on your head. [potion of mutation]
 19977 | Bailey   | Lost mutation: Your flesh is heat resistant. (rF+) [potion of mutation]
 19977 | Bailey   | Lost mutation: Your flesh is cold resistant. (rC+) [potion of mutation]
 19977 | Bailey   | Gained mutation: You are clumsy. (Dex -2) [potion of mutation]
 19977 | Bailey   | Gained mutation: You have a pair of horns on your head. [potion of mutation]
 19978 | Bailey   | Lost mutation: You can translocate small distances at will. [potion of mutation]
 19978 | Bailey   | Lost mutation: You passively map a small area around you. [potion of mutation]
 19978 | Bailey   | Lost mutation: You have a pair of horns on your head. [potion of mutation]
 19978 | Bailey   | Lost mutation: You are resistant to hostile enchantments. (MR+) [potion of mutation]
 19978 | Bailey   | Lost mutation: You possess an exceptional clarity of mind. [potion of mutation]
 19978 | Bailey   | Gained mutation: You evolve. [potion of mutation]
 19978 | Bailey   | Gained mutation: Scrolls take you a little longer to read. [potion of mutation]
 19978 | Bailey   | Gained mutation: Your flesh is cold resistant. (rC+) [potion of mutation]
 19979 | Bailey   | Lost mutation: You are clumsy. (Dex -2) [potion of mutation]
 19979 | Bailey   | Lost mutation: Your flesh is cold resistant. (rC+) [potion of mutation]
 19979 | Bailey   | Lost mutation: You have a pair of small horns on your head. [potion of mutation]
 19979 | Bailey   | Lost mutation: You are partially covered in slimy green scales. (AC +2) [potion of mutation]
 19979 | Bailey   | Gained mutation: You tend to lose your temper in combat. [potion of mutation]
 19979 | Bailey   | Gained mutation: Your mind is acute. (Int +2) [potion of mutation]
 20251 | Orc:1    | Found a roughly hewn altar of Beogh.
 20273 | Orc:1    | Gained mutation: Your spells are a little easier to cast, but a little less powerful. [a neqoxec]
 20281 | Orc:1    | Gained mutation: You expend magic power (3 MP) to strengthen your wands. [a neqoxec]
 20465 | Orc:2    | Found a staircase to the Elven Halls.
 20477 | Orc:2    | Received a gift from Okawaru
 20642 | Orc:2    | Noticed Saint Roka
 20774 | Orc:2    | Found a roughly hewn altar of Beogh.
 20787 | Orc:2    | Lost mutation: You tend to lose your temper in combat. [evolution]
 21089 | Orc:2    | Found a roughly hewn altar of Beogh.
 21162 | Orc:2    | Killed Saint Roka
 21162 | Orc:2    | Reached skill level 10 in Armour
 21162 | Orc:2    | Reached skill level 10 in Shields
 21184 | Orc:2    | Found Yruowoemi's Book Boutique.
 21191 | Orc:2    | Found Zamac's Antique Weapon Boutique.
 21344 | Orc:2    | Found Luzxaor's Antique Armour Boutique.
 21360 | Orc:2    | Found Tegh's General Store.
 21374 | Orc:2    | Bought a scroll of enchant weapon for 97 gold pieces
 22019 | D:8      | Bought a potion of mutation for 112 gold pieces
 22019 | D:8      | Lost mutation: Your muscles are strong. (Str +2) [potion of mutation]
 22019 | D:8      | Lost mutation: Scrolls take you a little longer to read. [potion of mutation]
 22019 | D:8      | Lost mutation: You expend magic power (3 MP) to strengthen your wands. [potion of mutation]
 22019 | D:8      | Lost mutation: Your spells are a little easier to cast, but a little less powerful. [potion of mutation]
 22019 | D:8      | Lost mutation: You evolve. [potion of mutation]
 22019 | D:8      | Gained mutation: Your spells are a little easier to cast, but a little less powerful. [potion of mutation]
 22019 | D:8      | Gained mutation: Your flesh is heat resistant. (rF+) [potion of mutation]
 22052 | D:8      | Bought 2 potions of mutation for 496 gold pieces
 22052 | D:8      | Lost mutation: Your flesh is heat resistant. (rF+) [potion of mutation]
 22052 | D:8      | Lost mutation: Your spells are a little easier to cast, but a little less powerful. [potion of mutation]
 22052 | D:8      | Lost mutation: Your mind is acute. (Int +2) [potion of mutation]
 22052 | D:8      | Gained mutation: You are partially covered in slimy green scales. (AC +2) [potion of mutation]
 22052 | D:8      | Gained mutation: You passively map a small area around you. [potion of mutation]
 22052 | D:8      | Gained mutation: You are agile. (Dex +2) [potion of mutation]
 22052 | D:8      | Gained mutation: You possess an exceptional clarity of mind. [potion of mutation]
 22053 | D:8      | Lost mutation: You possess an exceptional clarity of mind. [potion of mutation]
 22053 | D:8      | Lost mutation: You are occasionally teleported next to monsters. [potion of mutation]
 22053 | D:8      | Lost mutation: You are agile. (Dex +2) [potion of mutation]
 22053 | D:8      | Gained mutation: Scrolls take you a little longer to read. [potion of mutation]
 22053 | D:8      | Gained mutation: You have a pair of small antennae on your head. [potion of mutation]
 22053 | D:8      | Gained mutation: Your flesh is heat resistant. (rF+) [potion of mutation]
 22127 | D:5      | Bought 2 potions of mutation for 192 gold pieces
 22127 | D:5      | Lost mutation: Scrolls take you a little longer to read. [potion of mutation]
 22127 | D:5      | Lost mutation: You have a pair of small antennae on your head. [potion of mutation]
 22127 | D:5      | Lost mutation: You are partially covered in slimy green scales. (AC +2) [potion of mutation]
 22127 | D:5      | Lost mutation: You passively map a small area around you. [potion of mutation]
 22127 | D:5      | Gained mutation: You have sharp toenails. [potion of mutation]
 22127 | D:5      | Gained mutation: Your body sometimes deteriorates upon taking damage. [potion of mutation]
 22127 | D:5      | Gained mutation: Your movements are slightly less encumbered by armour. (ER -2) [potion of mutation]
 22128 | D:5      | Lost mutation: Your body sometimes deteriorates upon taking damage. [potion of mutation]
 22128 | D:5      | Lost mutation: You have sharp toenails. [potion of mutation]
 22128 | D:5      | Lost mutation: Your flesh is heat resistant. (rF+) [potion of mutation]
 22128 | D:5      | Gained mutation: Your flesh is heat resistant. (rF+) [potion of mutation]
 22128 | D:5      | Gained mutation: You have a pair of small horns on your head. [potion of mutation]
 22262 | Elf:1    | Entered Level 1 of the Elven Halls
 22404 | Elf:1    | Identified the Volume of the Escort
 22496 | Elf:1    | Found Ukeun's General Store.
 22496 | Elf:1    | Found Yfyxoxe's General Store.
 22558 | Elf:1    | Found Pilaff's Weapon Emporium.
 22598 | Elf:1    | Found Fuiket's Weapon Shoppe.
 22606 | Elf:1    | Received a gift from Okawaru
 22666 | Elf:1    | Found Males's Armour Emporium.
 23003 | Elf:1    | Found Ruuney's Book Shoppe.
 23074 | Elf:2    | Reached skill level 19 in Fighting
 23247 | Elf:2    | Received a gift from Okawaru
 23249 | Elf:2    | Found a runed gate.
 23249 | Elf:2    | Found a runed gate.
 23250 | Elf:2    | Found a runed gate.
 23458 | Elf:2    | Reached XP level 17. HP: 122/122 MP: 5/17
 23670 | Elf:2    | Found Facsestre's Jewellery Emporium.
 23671 | Elf:2    | Found Luiqy's Gadget Shop.
 23671 | Elf:2    | Found Bysm's Gadget Shop.
 23691 | Elf:2    | Bought a +3 ring of slaying for 810 gold pieces
 23876 | Elf:2    | Received a gift from Okawaru
 23879 | Elf:2    | Got an ichor-stained eveningstar {god gift}
 23880 | Elf:2    | Identified the +6 eveningstar "Emiaco" {crush, SInv} (Okawaru gifted it to you on level 2 of the Elven Halls)
 24052 | Elf:2    | Reached skill level 20 in Fighting
 24209 | Elf:3    | Entered Level 3 of the Elven Halls
 24245 | Elf:3    | Noticed Donald
 24258 | Elf:3    | Killed Donald
 24280 | Elf:3    | Found an ancient bone altar of Kikubaaqudgha.
 24370 | Elf:3    | Noticed Jorgrun
 24383 | Elf:3    | Killed Jorgrun
 24383 | Elf:3    | Received a gift from Okawaru
 24536 | Elf:3    | Noticed a Brimstone Fiend
 24625 | Elf:3    | Received a gift from Okawaru
 24661 | Elf:3    | Gained mutation: Your muscles are strong. (Str +2) [mutagenic glow]
 24792 | Elf:3    | Gained mutation: You expend magic power (3 MP) to strengthen your wands. [a neqoxec]
 24850 | Elf:3    | Noticed a deep elf blademaster
 24856 | Elf:3    | Noticed a deep elf blademaster
 24883 | Elf:3    | Killed a deep elf blademaster
 24892 | Elf:3    | Killed a deep elf blademaster
 24904 | Elf:3    | Reached XP level 18. HP: 88/131 MP: 6/18
 24933 | Elf:3    | Received a gift from Okawaru
 24938 | Elf:3    | Noticed a deep elf blademaster
 24962 | Elf:3    | Killed a deep elf blademaster
 24966 | Elf:3    | Reached skill level 21 in Fighting
 25106 | Elf:3    | Noticed a deep elf blademaster
 25117 | Elf:3    | Killed a deep elf blademaster
 25129 | Elf:3    | Received a gift from Okawaru
 25130 | Elf:3    | Noticed Mara
 25145 | Elf:3    | Killed Mara
 25165 | Elf:3    | Got an ichor-stained flail {god gift}
 25166 | Elf:3    | Identified the +5 flail of Okawaru's Outrage {antimagic, rElec Dex+4} (Okawaru gifted it to you on level 3 of the Elven Halls)
 25222 | Elf:3    | Got a slimy platinum amulet
 25301 | Elf:3    | Killed from afar by a deep elf high priest

Vault maps used:
D:1:      lemuel_arrival_broad_hall, item_on_display_a
D:2:      uniq_sigmund, uniq_natasha, uniq_crazy_yiuf_cottage
D:3:      portal_sewer_entry_c, minmay_goblin_outpost
D:4:      first_bread, grunt_dithmenos_shadows, uniq_duvessa
D:5:      serial_shops, nicolae_shop_window_shopping, shop, shop, shop
D:6:      st_stairs_8, minivault_5
D:7:      grunt_temple_overflow_open, minmay_temple_entry_fiery, basic_altar
D:8:      chequers_temple_overflow_statue_of_worship, serial_shops,
          nicolae_shop_overgrown_old_shop, nicolae_shop_crystal,
          nicolae_shop_crystal, kennysheep_mini_moat
D:9:      minmay_sliced_demisemicircle, nicolae_gozag_seed_capital,
          minmay_orc_entry_guard_dogs, lemuel_mausoleum_altar_kikubaaqudgha
D:10:     david_lair_shrubbed
D:12:     basic_altar, uniq_nergalle, uniq_kirke
D:13:     david_vaults_1, serial_shops, kennysheep_little_box, grunt_livestock,
          minmay_checkerbox
D:14:     roderic_lattice_a, uniq_nessos, uniq_agnes
D:15:     grunt_enter_depths_giant_problem, abandoned_shop
Temple:   nicolae_temple_no_exploring_needed
Lair:1:   st_stairs_5, grunt_forest_small_clearings,
          grunt_forest_large_clearings
Lair:2:   minmay_snake_entry_spellcaster, lemuel_fruit_tree, grunt_megastairs_1
Lair:3:   swamp_mist, grunt_megastairs_5
Lair:4:   portal_ice_cave_entry_ice_beasts, minmay_lair_oklob_chamber,
          grunt_megastairs_4
Lair:6:   evilmike_catoblepas_cave, slime_altar_2, serial_bayou_shore_b
Orc:1:    enter_bailey_3, kennysheep_orc_chapel, uniq_erolcha
Orc:2:    grunt_orc_cross, nicolae_volcano_entry_batcave, serial_shops, shop,
          nicolae_orc_lost_temple, uniq_saint_roka
Elf:1:    minmay_elf_arrival_plus, serial_shops, nicolae_shop_crystal,
          nicolae_shop_temple_entry_statues_fountains, shop,
          nicolae_shop_statue_plus, minmay_elf_demonology, minmay_shoptagon
Elf:2:    nicolae_elf_glass_and_crystal_pillar_2, billiards_dpeg,
          minmay_shop_grove
Elf:3:    minmay_elf_hall_hex, basic_altar, uniq_donald, uniq_mara, uniq_jorgrun
Sewer:    sewer_kobolds
Bailey:   bailey_axe_2, bailey
IceCv:    ice_cave_small_dragons
Volcano:  volcano_bunker

Skill      XL: |  1  2  3  4  5  6  7  8  9 10 11 12 13 14 15 16 17 18 |
---------------+-------------------------------------------------------+-----
Maces & Flails | 3 5 6 7 9 11 13 15 16 18 | 18.3
Fighting       | 4 5 6 7 9 10 12 13 14 16 17 19 20 21 | 21.4
Armour         | 6 9 11 12 13 | 13.3
Shields        | 6 9 11 12 13 | 13.3

Action                   |  1- 3 |  4- 6 |  7- 9 | 10-12 | 13-15 | 16-18 || total
-------------------------+-------+-------+-------+-------+-------+-------++-------
Melee: Flail             |    33 |       |       |       |       |       ||    33
       Whip              |    56 |   235 |   855 |  1110 |  2108 |       ||  4364
       Demon whip        |       |       |       |       |   140 |  1155 ||  1295
       Headbutt          |       |       |       |       |       |   192 ||   192
Invok: Finesse           |       |       |       |       |     2 |       ||     2
       Heroism           |       |       |       |       |     1 |     1 ||     2
 Abil: Fly               |       |       |       |       |     1 |       ||     1
Evoke: Lamp of fire      |       |       |       |       |     1 |     1 ||     2
       Wand              |       |       |       |       |       |     1 ||     1
  Use: Scroll            |       |       |    21 |     7 |    18 |     8 ||    54
       Potion            |       |       |     6 |     7 |     1 |    20 ||    34
 Stab: Petrifying        |       |       |       |       |     1 |       ||     1
  Eat: Chunk             |       |     4 |    11 |    18 |    18 |     1 ||    52
       Fruit             |       |       |     7 |     4 |    27 |    19 ||    57
       Royal jelly       |       |       |       |       |     5 |       ||     5
Armor: Scale mail        |    33 |       |       |       |       |       ||    33
       Plate armour      |    15 |   175 |   208 |       |       |       ||   398
       Chain mail        |       |       |    67 |   358 |   911 |   285 ||  1621
Dodge: Dodged            |    20 |    21 |    30 |    66 |   177 |   117 ||   431
Block: Shield            |    45 |    99 |    64 |       |       |       ||   208
       Large shield      |       |       |   420 |   540 |  1439 |   993 ||  3392
       Reflection        |       |       |     7 |       |       |       ||     7
